 Dungeon Crawl Stone Soup version 0.23-a0-242-g2b5ca64 (webtiles) character file.

12051 MisterFreud the Slicer (level 12, -2/70 HPs)
             Began as a Kobold Berserker on Sept 28, 2018.
             Was a Priest of Trog.
             Slain by a komodo dragon (21 damage)
             ... on level 11 of the Dungeon.
             The game lasted 00:28:46 (10365 turns).

MisterFreud the Slicer (Kobold Berserker)          Turns: 10365, Time: 00:28:47

Health: -2/70      AC:  8    Str: 18    XL:     12   Next: 15%
Magic:  27/27      EV: 20    Int: 13    God:    Trog [***...]
Gold:   489        SH:  6    Dex: 15    Spells: 11/11 levels left

rFire    . . .     SeeInvis .   i - +0 rapier
rCold    + . .     Gourm    .   (shield restricted)
rNeg     . . .     Faith    .   t - +2 robe {rC+}
rPois    .         Spirit   .   o - +2 hat
rElec    .         Reflect  +   (no cloak)
rCorr    .         Harm     .   (no gloves)
MR       .....                  F - +0 pair of boots
Stlth    ++++......             B - +6 amulet of reflection
HPRegen  0.21/turn              N - +4 ring of intelligence
MPRegen  0.20/turn              T - ring of magical power

@: about to teleport, berserk cooldown, slowed, very slow
A: small, carnivore
a: Berserk, Trog's Hand, Renounce Religion


You were on level 11 of the Dungeon.
You worshipped Trog.
Trog was most pleased with you.
You were very full.

You visited 1 branch of the dungeon, and saw 11 of its levels.
You also visited: Sewer and Ossuary.

You collected 489 gold pieces.

Inventory:

Hand Weapons
 a - a +0 short sword
 i - a +0 rapier (weapon)
 J - a +0 arbalest
Missiles
 d - 18 tomahawks
 j - 356 stones (quivered)
 k - 216 arrows
 l - 125 sling bullets
 p - 120 bolts
 u - 102 poisoned needles
 O - 2 throwing nets
 X - 6 silver tomahawks
Armour
 o - a +2 hat (worn)
 t - a +2 robe of cold resistance (worn)
 F - a +0 pair of boots (worn)
Jewellery
 B - a +6 amulet of reflection (around neck)
 I - the ring "Otuac" {+Fly rN+ MP+9 Dex-5}
   (You found it on level 6 of the Dungeon)

   [ring of positive energy]

   It affects your dexterity (-5).
   It protects you from negative energy.
   It affects your magic capacity (+9).
   It lets you fly.
 N - a +4 ring of intelligence (left hand)
 T - a ring of magical power (right hand)
Wands
 b - a wand of scattershot (3)
 G - a wand of paralysis (14)
 P - a wand of flame (29)
 R - a wand of acid (10)
 W - a wand of enslavement (13)
 Y - a wand of iceblast (10)
Scrolls
 e - 4 scrolls of immolation {unknown}
 g - 3 scrolls of remove curse
 h - 2 scrolls of fog
 n - a scroll of enchant armour
 r - 2 scrolls of blinking
 s - 2 scrolls of teleportation
 y - 2 scrolls of enchant weapon {unknown}
 D - 2 scrolls of magic mapping
 H - 3 scrolls of identify
 K - a scroll of random uselessness {unknown}
 M - a scroll of silence {unknown}
 S - a scroll of amnesia {unknown}
 U - a scroll of holy word {unknown}
Potions
 f - 7 potions of curing
 m - a potion of brilliance
 q - 2 potions of flight
 v - a potion of mutation
 w - a potion of agility
 x - 3 potions of might
 z - 3 potions of degeneration
 A - 2 potions of resistance
 C - 2 potions of heal wounds
 E - 2 potions of haste
 L - 4 potions of lignification
 Q - 2 potions of invisibility {unknown}
Comestibles
 c - 26 rations
 V - 2 chunks of flesh


   Skills:
 + Level 6.0 Fighting
 - Level 14.0 Short Blades
 - Level 8.2 Armour
 + Level 8.0 Dodging
 + Level 8.0 Stealth
 - Level 8.0 Evocations


You had 11 spell levels left.
You didn't know any spells.
Your spell library was empty.

Dungeon Overview and Level Annotations

Branches:
Dungeon (11/15)            Temple (0/1) D:5            Lair (0/6) D:11
    Orc (0/2) D:11

Altars:
Ashenzari
Elyvilon
Gozag
Kikubaaqudgha
Makhleb
Okawaru
Sif Muna
Trog
Uskayaw
Yredelemnul

Shops:
D:10 [


Innate Abilities, Weirdness & Mutations

You are small and have problems with some larger weapons.
You are carnivorous and can eat meat at any time.


Message History

The komodo dragon hisses angrily.
You hit the komodo dragon.
The komodo dragon is lightly wounded.
The komodo dragon completely misses you.
You barely miss the komodo dragon.
The komodo dragon is lightly wounded.
You hit the komodo dragon.
The komodo dragon is lightly wounded.
The komodo dragon bites you!!
* * * LOW HITPOINT WARNING * * *
You hit the komodo dragon but do no damage.
The komodo dragon is lightly wounded.
The komodo dragon barely misses you.
Okay, then.
Unknown command.
Unknown command.
Unknown command.
As you read the scroll of teleportation, it crumbles to dust.
You feel strangely unstable. The komodo dragon bites you!!
You die...

#PPPP....# #.#
#P.......#######'##
#P....!...........#
#....PP...........#
#P.>.PPP†.........#
#P...PP[#.........#
#PPPPPP.#........>+
##PPPPP##...l.....#
###### #...@.....#
#####'##### #.....#
#..##### #. .. #. #


You could see a komodo dragon.

Vanquished Creatures
  Harold (D:7)
  A hydra (D:11)
  A two-headed ogre (D:11)
  An ugly thing (D:11)
  6 gargoyles (D:10)
  A troll (D:10)
  Grinder (D:3)
  A spriggan (D:7)
  A vampire (D:11)
  3 yaks (D:9)
  Eustachio (D:6)
  A steam dragon (D:10)
  Edmund (D:5)
  A water moccasin (D:10)
  A hornet zombie (D:8)
  5 orc warriors
  3 phantoms
  2 black bears
  An eye of draining (D:10)
  5 sky beasts
  5 ogres
  7 centaurs
  A big kobold (D:7)
  A crocodile (Sewer)
  6 bullfrogs
  2 elf zombies (Ossuary)
  3 scorpions
  A water moccasin skeleton (D:10)
  13 killer bees
  11 wights
  2 howler monkeys
  8 crimson imps
  2 jellies
  9 orc wizards
  3 hounds
  2 human zombies (Ossuary)
  11 orc priests
  7 iguanas
  Ijyb (D:3)
  Natasha (D:1)
  4 worker ants
  2 big kobold zombies (Ossuary)
  A hound zombie (D:5)
  4 mummies (Ossuary)
  8 gnolls (D:9)
  9 adders
  3 shadow imps
  2 oozes (D:2)
  An adder zombie (D:5)
  2 adder skeletons
  4 worms
  A dart slug (D:2)
  5 leopard geckos
  49 orcs
  10 bats
  6 giant cockroaches
  9 goblins
  13 hobgoblins
  12 jackals
  2 quokkas
  9 frilled lizards
  A gnoll zombie (Ossuary)
  A hobgoblin zombie (Ossuary)
  A jackal zombie (Ossuary)
  8 kobolds
  A kobold zombie (Ossuary)
  A quokka zombie (D:6)
  13 rats
  2 rat zombies (Ossuary)
318 creatures vanquished.

Vanquished Creatures (others)
  9 plants (D:11)
9 creatures vanquished.

Grand Total: 327 creatures vanquished

Notes
Turn   | Place    | Note
-------+----------+-------------------------------------------
     0 | D:1      | MisterFreud the Kobold Berserker began the quest for the
                  | Orb.
     0 | D:1      | Reached XP level 1. HP: 14/14 MP: 1/1
   119 | D:1      | Reached XP level 2. HP: 15/19 MP: 2/2
   141 | D:1      | You fall through a shaft!
   551 | D:1      | Reached skill level 5 in Short Blades
   825 | D:1      | Reached ** piety under Trog
   825 | D:1      | Reached XP level 3. HP: 22/23 MP: 3/3
  1067 | D:2      | Noticed Natasha
  1562 | D:1      | Killed Natasha
  1562 | D:1      | Reached skill level 6 in Short Blades
  1562 | D:1      | Reached XP level 4. HP: 22/28 MP: 4/4
  2038 | D:2      | Reached skill level 7 in Short Blades
  2044 | D:2      | Reached XP level 5. HP: 18/32 MP: 5/5
  2763 | D:3      | Reached skill level 8 in Short Blades
  2810 | D:3      | Reached XP level 6. HP: 25/37 MP: 6/6
  2822 | D:3      | Noticed Grinder
  2829 | D:3      | Killed Grinder
  2829 | D:3      | Reached skill level 9 in Short Blades
  2829 | D:3      | Reached XP level 7. HP: 39/41 MP: 7/7
  2969 | D:3      | Noticed Ijyb
  2985 | D:3      | Killed Ijyb
  3129 | D:3      | Reached skill level 10 in Short Blades
  3716 | D:4      | Reached *** piety under Trog
  3767 | D:5      | Entered Level 5 of the Dungeon
  3833 | D:5      | Reached skill level 11 in Short Blades
  3848 | D:5      | Reached XP level 8. HP: 35/46 MP: 8/8
  3888 | D:5      | Noticed Edmund
  3901 | D:5      | Killed Edmund
  3940 | D:5      | Reached skill level 12 in Short Blades
  3961 | D:5      | Found a sand-covered staircase.
  3994 | Ossuary  | Entered an ossuary
  4355 | D:5      | Found a staircase to the Ecumenical Temple.
  4367 | D:5      | Reached skill level 13 in Short Blades
  4388 | D:5      | Found a glowing drain.
  4400 | Sewer    | Entered a sewer
  4601 | D:5      | Reached XP level 9. HP: 49/51 MP: 9/9
  4814 | D:5      | Reached skill level 14 in Short Blades
  5127 | D:6      | Got a glittering pewter ring
  5131 | D:6      | Identified the ring "Otuac" {+Fly rN+ MP+9 Dex-5} (You
                  | found it on level 6 of the Dungeon)
  5252 | D:6      | Reached skill level 5 in Stealth
  5273 | D:6      | Found a white marble altar of Elyvilon.
  5273 | D:6      | Found a bloodstained altar of Trog.
  5607 | D:6      | Noticed Eustachio
  5614 | D:6      | Killed Eustachio
  5805 | D:7      | Reached **** piety under Trog
  5950 | D:7      | Noticed Harold
  5961 | D:7      | Killed Harold
  5961 | D:7      | Reached XP level 10. HP: 56/56 MP: 10/10
  6434 | D:7      | Reached skill level 5 in Fighting
  6792 | D:8      | Reached skill level 1 in Evocations
  7227 | D:8      | Reached skill level 5 in Evocations
  7812 | D:9      | Reached XP level 11. HP: 45/64 MP: 15/15
  8024 | D:9      | Found a deep blue altar of Sif Muna.
  8700 | D:9      | Found a burning altar of Makhleb.
  8708 | D:9      | Found an iron altar of Okawaru.
  8709 | D:9      | Found a hide-covered altar of Uskayaw.
  8709 | D:9      | Found a basalt altar of Yredelemnul.
  8711 | D:9      | Found a shattered altar of Ashenzari.
  8713 | D:9      | Found an opulent altar of Gozag.
  8714 | D:9      | Found an ancient bone altar of Kikubaaqudgha.
  8809 | D:10     | Entered Level 10 of the Dungeon
  8834 | D:10     | Found Afagas's Antique Armour Shop.
  8909 | D:10     | Reached skill level 5 in Armour
  9836 | D:11     | Noticed a two-headed ogre
  9847 | D:11     | Killed a two-headed ogre
  9868 | D:11     | Found a staircase to the Orcish Mines.
  9979 | D:11     | Received a gift from Trog
 10138 | D:11     | Noticed a green ugly thing
 10176 | D:11     | Killed a green ugly thing
 10176 | D:11     | Reached XP level 12. HP: 70/70 MP: 18/18
 10218 | D:11     | Found a staircase to the Lair.
 10221 | D:11     | Noticed a seven-headed hydra
 10348 | D:11     | Killed a seven-headed hydra
 10365 | D:11     | Slain by a komodo dragon

Vault maps used:
D:1:      lightli_molten_gateway, minivault_5
D:2:      uniq_natasha
D:3:      uniq_ijyb, uniq_grinder
D:5:      minmay_temple_entry_purple_smoke, portal_sewer_entry_a,
          lightli_ossuary_entry_decrepit_ruins, first_ration, uniq_edmund
D:6:      gammafunk_temple_overflow_pools, uniq_eustachio
D:7:      the_bakery, uniq_harold
D:9:      minitemple, led_sif_pool
D:10:     cheibrodos_statue_roulette, serial_shops,
          nicolae_shop_overgrown_old_shop
D:11:     david_lair_shrubbed, orc_0_dummy, enter_bailey_3, enter_trove_5,
          nicolae_ru_awakened_eye, uniq_josephine, uniq_maurice
Sewer:    sewer_big_baddie
Ossuary:  ossuary_minmay_tomb_2a

Skill      XL: |  1  2  3  4  5  6  7  8  9 10 11 12 |
---------------+-------------------------------------+-----
Short Blades   | 5 6 7 8 9 11 13 14 | 14.0
Stealth        | 8 |  8.0
Dodging        | 7 8 |  8.0
Fighting       | 6 |  6.0
Evocations     | 6 8 |  8.0
Armour         | 7 8 |  8.2

Action                   |  1- 3 |  4- 6 |  7- 9 | 10-12 || total
-------------------------+-------+-------+-------+-------++-------
Melee: Short sword       |    43 |       |       |       ||    43
       Rapier            |    30 |   140 |   572 |   833 ||  1575
Invok: Trog's Hand       |     1 |     3 |    11 |    20 ||    35
       Berserk           |     1 |     1 |     5 |    16 ||    23
Evoke: Wand              |       |       |     2 |       ||     2
  Use: Scroll            |       |     5 |     9 |     5 ||    19
       Potion            |       |       |     2 |       ||     2
 Stab: Sleeping          |       |       |     5 |    17 ||    22
  Eat: Chunk             |    10 |     6 |    20 |    37 ||    73
Armor: Animal skin       |    11 |    18 |     3 |       ||    32
       Robe              |       |       |    80 |    44 ||   124
Dodge: Dodged            |    52 |    92 |   268 |   329 ||   741
Block: Other             |       |       |    26 |   122 ||   148
       Reflection        |       |       |     2 |     5 ||     7

Table legend:
 A = Non-vault XP
 B = Vault XP
 C = Vault XP percentage of total XP
 D = Non-vault monster count
 E = Vault monster count
 F = Vault count percentage of total count
                 A         B        C        D         E       F
            +---------+---------+-------+---------+---------+-------
      Total |   12769 |    4447 |  25.8 |     280 |      38 |  11.9
            +---------+---------+-------+---------+---------+-------
        D:1 |      39 |      35 |  47.3 |      21 |       1 |   4.5
        D:2 |      91 |       0 |   0.0 |      28 |       0 |   0.0
        D:3 |     149 |     305 |  67.2 |      32 |       2 |   5.9
        D:4 |     268 |       0 |   0.0 |      15 |       0 |   0.0
        D:5 |     800 |     170 |  17.5 |      17 |       5 |  22.7
        D:6 |     506 |     197 |  28.0 |       9 |       1 |  10.0
        D:7 |    1000 |    1236 |  55.3 |      26 |       2 |   7.1
        D:8 |    1915 |       0 |   0.0 |      36 |       0 |   0.0
        D:9 |    2877 |       0 |   0.0 |      47 |       0 |   0.0
       D:10 |    2070 |    2004 |  49.2 |      24 |       5 |  17.2
       D:11 |    3054 |       0 |   0.0 |      25 |       0 |   0.0
      Sewer |       0 |     109 | 100.0 |       0 |       6 | 100.0
    Ossuary |       0 |     391 | 100.0 |       0 |      16 | 100.0
            +---------+---------+-------+---------+---------+-------
